 Dungeon Crawl Stone Soup version 0.20.0-7-g3b7b877 (webtiles) character file.

661252 Monsterracer the Slayer (level 27, 0/198 HPs)
             Began as a Gargoyle Fighter on May 29, 2017.
             Was the Champion of the Shining One.
             Killed from afar by a hellion (34 damage)
             ... with damnation
             ... in Pandemonium.
             The game lasted 02:58:59 (58160 turns).

Monsterracer the Slayer (Gargoyle Fighter)         Turns: 58160, Time: 02:59:00

Health: 0/198      AC: 73    Str: 21    XL:     27
Magic:  29/29      EV: 16    Int:  9    God:    the Shining One [******]
Gold:   7660       SH: 25    Dex: 24    Spells: 1/26 levels left

rFire    + . .     SeeInvis +   G - +9 sacred scourge (holy)
rCold    + . .     Gourm    .   E - +0 large shield
rNeg     + + +     Faith    .   N - +5 crystal plate armour
rPois    ∞         Spirit   .   n - +2 helmet {SInv}
rElec    +         Reflect  .   y - +2 cloak
rCorr    +         Harm     .   B - +2 pair of gloves {Dex+3}
MR       +++..                  D - +2 pair of boots {run}
Stlth    ..........             H - amulet of Sopriosi {rC+ rN+ Regen+ Int-3}
Regen    0.9/turn               d - ring of the Six Souls {rPois MR+ Dex+3}
MPRegen  0.3/turn               c - ring of Grace {rCorr rF+ Slay+3}

@: flying, glowing, quick
A: big wings, hooves 1, molten scales 1, rugged brown scales 1, low mp 1,
negative energy resistance 1, electricity resistance, unbreathing, petrification
resistance, rot immunity, AC +20
}: 4/15 runes: serpentine, barnacled, slimy, silver
a: Stop Flying, Divine Shield, Cleansing Flame, Summon Divine Warrior, Renounce
Religion


You were in Pandemonium.
You worshipped the Shining One.
The Shining One was exalted by your worship.
You were hungry.

You visited 11 branches of the dungeon, and saw 54 of its levels.
You visited Pandemonium 1 time, and saw 6 of its levels.
You also visited: Sewer and Desolation.

You collected 8813 gold pieces.
You spent 1153 gold pieces at shops.

Inventory:

Hand Weapons
 G - a +9 sacred scourge of holy wrath (weapon)
Armour
 a - quicksilver dragon scales
 n - a +2 helmet of see invisible (worn)
 p - the +2 plate armour "Vagul" (quivered) {rF+ rC+ Dex-5 SInv}
   (You found it on level 5 of the Vaults)

   It affects your dexterity (-5).
   It protects you from fire.
   It protects you from cold.
   It lets you see invisible.
 y - a +2 cloak (worn)
 B - a +2 pair of gloves of dexterity (worn)
 D - a +2 pair of boots of running (worn)
 E - a +0 large shield (worn)
 N - a +5 crystal plate armour (worn)
Jewellery
 c - the ring of Grace (right hand) {rCorr rF+ Slay+3}
   (You bought it in a shop on level 3 of the Vaults)

   [ring of resist corrosion]

   It affects your accuracy and damage with ranged weapons and melee attacks
   (+3).
   It protects you from fire.
 d - the ring of the Six Souls (left hand) {rPois MR+ Dex+3}
   (You found it on level 2 of the Vaults)

   [ring of protection from magic]

   It affects your dexterity (+3).
   It protects you from poison.
   It affects your resistance to hostile enchantments.
 s - the ring "Vahuriqenuo" {rF+ Str+3 Dex+3}
   (You found it on level 2 of the Depths)

   [ring of protection from fire]

   It affects your strength (+3).
   It affects your dexterity (+3).
   It protects you from fire.
 A - the ring of Sif Muna's Pride {rPois rC+ Dex+4 Stlth-}
   (You found it on level 1 of the Depths)

   [ring of loudness]

   It affects your dexterity (+4).
   It protects you from cold.
   It protects you from poison.
   It makes you less stealthy.
 H - the amulet of Sopriosi (around neck) {rC+ rN+ Regen+ Int-3}
   (You took it off a yellow draconian on level 5 of the Depths)

   [amulet of regeneration]

   It affects your intelligence (-3).
   It protects you from cold.
   It protects you from negative energy.
   It increases your rate of regeneration.
Wands
 e - a wand of digging (22/24)
Scrolls
 k - 23 scrolls of identify
 r - 28 scrolls of remove curse
 t - 10 scrolls of blinking
 u - 11 scrolls of recharging
 x - a scroll of silence
 C - 17 scrolls of teleportation
 I - 5 scrolls of fog
 M - 5 scrolls of magic mapping
 Q - 11 scrolls of fear
Potions
 b - a potion of berserk rage
 j - 3 potions of might
 m - 19 potions of curing
 o - 7 potions of mutation {!q}
 v - 11 potions of heal wounds
 z - 8 potions of haste
 F - 2 potions of resistance
 J - a potion of magic
 L - 8 potions of agility
Comestibles
 f - 30 bread rations
 g - 32 meat rations
 h - 5 chunks of flesh
 i - 26 royal jellies


   Skills:
 + Level 25.1 Fighting
 + Level 22.0 Maces & Flails
 + Level 22.5 Armour
 + Level 18.1 Dodging
 + Level 22.8 Shields
 + Level 12.7 Invocations


You had one spell level left.
You knew the following spells:

 Your Spells              Type           Power        Failure   Level  Hunger
a - Passwall              Tmut/Erth      #.........   100%        2    ###....
b - Swiftness             Chrm/Air       #.......     100%        2    ###....
c - Deflect Missiles      Chrm/Air       #.........   100%        6    #######
d - Silence               Hex/Air        #.........   100%        5    ######.
e - Apportation           Tloc           #.....       100%        1    ##.....
f - Invisibility          Hex            #.......     100%        6    #######
g - Summon Butterflies    Summ           #.......     100%        1    ##.....
h - Blink                 Tloc           N/A          100%        2    ###....


Dungeon Overview and Level Annotations

Branches:
Dungeon (15/15)            Temple (1/1) D:5            Lair (6/6) D:11
 Shoals (4/4) Lair:2        Snake (4/4) Lair:3        Slime (5/5) Lair:6
    Orc (2/2) D:12            Elf (0/3) Orc:2        Vaults (5/5) D:14
  Crypt (3/3) Vaults:3       Tomb (0/3) Crypt:3      Depths (5/5) D:15
    Zot (4/5) Depths:5

Altars:
Ashenzari
Cheibriados
Dithmenos
Elyvilon
Fedhas
Gozag
Hepliaklqana
Kikubaaqudgha
Makhleb
Nemelex Xobeh
Okawaru
Qazlal
Ru
Sif Muna
Trog
Uskayaw
Vehumet
Xom
Yredelemnul
Zin
The Shining One
Jiyva
Lugonu

Shops:
D:12 (!   D:14 =   Orc:1 }   Orc:2 **([:   Shoals:1 ?   Shoals:2 =(?
Shoals:3 *   Snake:2 }}=   Snake:3 [:[!   Vaults:2 [   Vaults:3 =   Depths:1 }
Depths:2 *

Portals:
Hell: Depths:1 Depths:2 Depths:3 Depths:4 Depths:5
Abyss: Depths:4
Pandemonium: Depths:3 Depths:5
Ziggurat: Depths:4
Trove: Depths:1 (show slimy rune of Zot)


Innate Abilities, Weirdness & Mutations

You are resistant to torment.
Your stone body is resilient. (AC +20)
You are immune to poison.
Your large and strong wings let you fly indefinitely.
You resist negative energy. (rN+)
You are resistant to electric shocks. (rElec)
You can survive without breathing.
You are immune to petrification.
You are immune to rotting.
You have large cloven feet.
You are partially covered in molten scales. (AC +2)
You are partially covered in rugged brown scales. (AC +1, +3% HP)
Your magical capacity is low. (-10% MP)


Message History

You hear a shout!
You feel much better.
The torturous black sun utters an invocation to Kikubaaqudgha.
The hellion begins absorbing vital energies!
The Hell Sentinel begins absorbing vital energies!
The hellwing begins absorbing vital energies!
The torturous black sun begins absorbing vital energies!
The gelid demonspawn begins absorbing vital energies!
The orange demon begins absorbing vital energies!
The hellion begins absorbing vital energies!
The hellion gestures at you.
The sphere of damnation explodes!
The damnation engulfs you!
* * * LOW HITPOINT WARNING * * *
You hear a chilling moan.
The hellion gestures at you.
The sphere of damnation explodes!
The damnation engulfs you!
* * * LOW HITPOINT WARNING * * *
The hellion gestures at you.
The sphere of damnation explodes!
The damnation engulfs you!
You die...

.... ##... ....###...
..##.4 .....#....
..2... ..∩......#
./...# .........##
#.....#
...........####......
...........6)##24..#
.........∩@.1..4...#
..............26..##
...........#.....$###
..........#).....2.....
............(.)###.###.
#........(...#.# .#
.#......)...##.# .#
.......)#....#.. .
..#...)###.....## '


You could see a Hell Sentinel, a torturous black sun, a gelid demonspawn, an
orange demon, a hellwing and 3 hellions.

Vanquished Creatures
  the Royal Jelly (Slime:5)
  Khufu (Crypt:3)
  Mara (Vaults:4)
  An ancient lich (Vaults:5)
  2 juggernauts
  The ghost of nikopol the Conqueror, a legendary GrBe of Trog (Slime:4)
  Boris (Depths:5)
  Saint Roka (Vaults:4)
  2 pandemonium lords (Pan)
  A caustic shrike (Depths:4)
  A curse toe (Zot:4)
  7 golden dragons
  Nikola (Snake:4)
  2 bone dragons
  A profane servitor (Crypt:3)
  A shard shrike zombie (Crypt:2)
  12 tentacled monstrosities
  A Hell Sentinel (Pan)
  Rupert (D:13)
  An Ice Fiend (Pan)
  4 deep elf blademasters
  6 liches
  Asterion (Depths:1)
  4 deep elf master archers
  7 quicksilver dragons
  14 titans
  3 death cobs
  22 acid blobs
  2 ancient champions
  Polyphemus (Shoals:4)
  Gastronok (Lair:2)
  3 Executioners (Pan)
  Kirke (Lair:3)
  12 shadow dragons
  A warmonger (Pan)
  3 sphinxes
  Donald (Snake:3)
  12 nagarajas
  13 tengu reavers
  16 storm dragons
  11 azure jellies
  Ilsuiw (Shoals:3)
  4 draconian monks
  16 frost giants
  17 fire giants
  14 vault wardens
  A revenant (Crypt:3)
  2 imperial myrmidons (Desolation)
  3 iron dragons
  4 draconian scorchers
  A ghoul (Crypt:3)
  An orc warlord (Vaults:1)
  A ghost moth (Zot:4)
  Louise (Shoals:3)
  Aizul (Shoals:3)
  3 deep elf elementalists
  3 curse skulls
  4 spriggan defenders
  A cacodemon (Pan)
  4 draconian shifters
  A reaper (Pan)
  2 war gargoyles
  A draconian annihilator (Depths:5)
  36 very ugly things
  20 ironheart preservers
  20 stone giants
  2 entropy weavers
  2 deep elf demonologists
  A blood saint (Pan)
  5 black draconians
  8 vampire knights
  A dire elephant (D:15)
  5 white draconians
  8 green draconians
  2 purple draconians
  2 spark wasps (Depths:3)
  A halazid warlock (Desolation)
  6 red draconians
  11 yellow draconians
  7 eidola
  16 ettins
  7 death oozes
  5 deep elf death magi
  3 crystal guardians (Desolation)
  4 blizzard demons (Pan)
  9 merfolk javelineers
  2 green deaths (Pan)
  A minotaur (shapeshifter) (Depths:4)
  2 mummy priests (Crypt:3)
  17 yaktaur captains
  Erolcha (D:13)
  3 deep elf high priests (Vaults:5)
  10 merfolk impalers
  24 jiangshi
  5 ragged hierophants (Desolation)
  11 fire dragons
  19 great orbs of eyes
  17 naga warriors
  22 ogre magi
  5 rakshasas
  6 servants of whispers (Desolation)
  4 hydras
  28 vault guards
  7 peacekeepers
  Fannar (Lair:2)
  Harold (Lair:2)
  3 catoblepae
  2 spriggan air magi
  14 centaur warriors
  6 merfolk aquamancers
  18 ice dragons
  An anaconda (shapeshifter) (Vaults:5)
  2 merfolk avatars
  A hell beast (Pan)
  8 anacondas
  2 alligator snapping turtles (Shoals:4)
  2 satyrs
  5 dancing weapons
  10 deep troll shamans
  4 death knights
  68 two-headed ogres
  7 death yaks
  13 deep troll earth magi
  5 tengu warriors
  6 vampire magi
  A hell hog (Depths:5)
  A spriggan berserker (Depths:3)
  A storm dragon zombie (Crypt:2)
  Sonja (Orc:2)
  5 shock serpents
  21 deep elf knights
  9 naga sharpshooters
  6 iron trolls
  9 soul eaters
  29 skeletal warriors
  3 sun demons (Pan)
  2 hell knights
  3 shadow wraiths
  A sixfirhy (Pan)
  An infernal demonspawn (Pan)
  16 sea snakes
  A spark wasp zombie (Crypt:1)
  4 salamander mystics
  3 unseen horrors
  3 torturous demonspawn (Pan)
  12 deep elf archers
  6 flayed ghosts
  33 deep trolls
  5 glowing orange brains
  2 cherubim (D:15)
  3 gelid demonspawn
  7 wizards
  4 naga ritualists
  4 necromancers
  A lindwurm (Lair:6)
  A golden dragon skeleton (Crypt:3)
  15 ironbrand convokers
  A frost giant zombie (Crypt:2)
  22 harpies
  6 large abominations
  9 phantasmal warriors
  A cyclops (shapeshifter) (D:14)
  4 mana vipers
  66 ugly things
  22 deep elf magi
  12 manticores
  2 wolf spiders
  11 salamanders
  9 shining eyes
  9 orc knights
  7 cyclopes
  An orc sorcerer (Orc:1)
  A salamander (shapeshifter) (D:11)
  9 fauns
  An orb spider (shapeshifter) (D:13)
  A moth of wrath (shapeshifter) (Depths:1)
  A worldbinder (D:13)
  A shadow dragon skeleton (Crypt:2)
  15 moths of wrath
  19 vault sentinels
  A stone giant skeleton (Crypt:2)
  An iron dragon skeleton (Crypt:1)
  A rust devil (Pan)
  12 elephants
  33 black mambas
  3 smoke demons
  3 orange demons (Pan)
  3 guardian serpents (shapeshifter)
  11 merfolk sirens
  9 guardian serpents
  6 water nymphs
  4 eyes of devastation
  19 naga magi
  A molten gargoyle (Desolation)
  A titan simulacrum (Crypt:3)
  7 hellions (Pan)
  2 gargoyles
  A rime drake (Lair:4)
  3 kobold demonologists
  A tormentor (Depths:3)
  6 spiny frogs
  11 komodo dragons
  46 yaktaurs
  9 freezing wraiths
  7 guardian mummies (Crypt:3)
  4 hellwings (Pan)
  6 tengu conjurers
  An anaconda simulacrum (Crypt:3)
  3 trolls
  41 merfolk
  3 meliai (D:15)
  2 red devils (Pan)
  2 hornets
  9 polar bears (Lair:6)
  14 blink frogs
  43 saltlings (Desolation)
  9 raiju
  5 wind drakes
  95 slime creatures
  An ettin zombie (Crypt:2)
  10 snapping turtles
  14 hippogriffs
  6 dream sheep
  A frost giant simulacrum (Vaults:2)
  A meliai zombie (D:13)
  A shock serpent simulacrum (Crypt:3)
  2 air elementals (Depths:3)
  A spriggan (D:11)
  6 ynoxinuls
  50 flying skulls (Crypt:3)
  9 wraiths
  6 shadows
  38 yaks
  11 water elementals
  A wyvern (D:10)
  4 hogs
  A redback (Vaults:5)
  2 basilisks
  5 hungry ghosts
  2 neqoxecs (Pan)
  A vampire mosquito (D:11)
  Menkaure (D:5)
  2 acid dragons
  52 nagas
  10 wargs
  A spiny frog zombie (Crypt:2)
  A swamp worm (shapeshifter) (Vaults:5)
  19 water moccasins
  A water moccasin (shapeshifter) (Vaults:5)
  2 floating eyes
  26 hell hounds
  2 floating eyes (shapeshifter)
  A torturous demonspawn skeleton (Crypt:1)
  25 orc warriors
  A black bear (shapeshifter) (Depths:4)
  5 porcupines
  Purgy (Sewer)
  12 black bears
  2 eyes of draining (shapeshifter)
  An eye of draining (Slime:5)
  A sky beast (D:10)
  4 necrophages (Crypt:3)
  2 ice beasts
  68 ogres
  2 phantoms
  20 wolves
  17 centaurs
  A swamp dragon skeleton (Crypt:2)
  An elephant skeleton (Crypt:2)
  13 crocodiles
  2 salamander zombies (Crypt:1)
  9 big kobolds
  A hippogriff zombie (Crypt:1)
  2 small abominations (Crypt:3)
  9 bullfrogs
  A wyvern zombie (D:14)
  A scorpion (shapeshifter) (Depths:2)
  A wyvern skeleton (D:10)
  7 scorpions
  10 killer bees
  21 wights
  An electric eel (D:14)
  4 crimson imps
  3 centaur zombies
  3 bullfrog zombies
  2 quasits
  5 hounds
  3 jellies
  21 orc wizards
  A bullfrog skeleton (D:11)
  11 orc priests
  6 centaur skeletons
  4 iguanas
  4 hell rats (Lair:4)
  6 worker ants
  A felid skeleton (Crypt:2)
  2 hound zombies
  2 hound skeletons
  3 worker ant zombies
  A howler monkey skeleton (D:5)
  A gnoll (D:3)
  16 adders
  5 shadow imps
  2 adder zombies (D:9)
  A lava snake skeleton (Crypt:2)
  2 worms
  3 leopard geckos
  74 orcs
  2 ball pythons
  4 giant cockroaches
  10 hobgoblins
  6 jackals (D:7)
  5 quokkas
  A bat (shapeshifter) (Vaults:1)
  4 bats
  4 frilled lizards
  A frilled lizard zombie (Crypt:1)
  4 goblins
  29 kobolds
  An orc zombie (Crypt:2)
  A quokka zombie (D:5)
  13 rats
  2 plants (Shoals:4)
2494 creatures vanquished.

Vanquished Creatures (collateral kills)
  A fire giant (Pan)
  A soul eater (Pan)
  A deep elf mage (Pan)
  A hellion (Pan)
  A crocodile (Lair:3)
  A bullfrog (Lair:3)
6 creatures vanquished.

Vanquished Creatures (others)
  2 fire giants
  A merfolk javelineer (Shoals:4)
  A naga sharpshooter (Snake:4)
  A deep elf mage (Vaults:5)
  A wizard (Vaults:1)
  2 cyclopes
  A wind drake (Shoals:4)
  A merfolk (Shoals:4)
  A ynoxinul (Pan)
  An orc warrior (Vaults:4)
  2 ogres
  An elf simulacrum (Vaults:1)
  4 fungi
  17 plants
36 creatures vanquished.

Grand Total: 2536 creatures vanquished

Notes
Turn   | Place    | Note
-------+----------+-------------------------------------------
     0 | D:1      | Monsterracer the Gargoyle Fighter began the quest for the Orb.
     0 | D:1      | Reached XP level 1. HP: 14/14 MP: 1/1
   256 | D:1      | Reached XP level 2. HP: 16/19 MP: 2/2
   308 | D:1      | Gained mutation: Your spells are a little easier to cast, but a little less powerful. [potion of mutation]
   308 | D:1      | Gained mutation: Your muscles are strong. (Str +2) [potion of mutation]
   308 | D:1      | Lost mutation: Your spells are a little easier to cast, but a little less powerful. [potion of mutation]
   706 | D:2      | Reached XP level 3. HP: 23/23 MP: 3/3
  1026 | D:2      | Found a shadowy altar of Dithmenos.
  1427 | D:3      | Reached XP level 4. HP: 24/28 MP: 4/4
  1653 | D:3      | Found a hazy altar of Hepliaklqana.
  1713 | D:3      | Found a glowing drain.
  1722 | Sewer    | Entered a sewer
  1768 | Sewer    | Noticed Purgy
  1776 | Sewer    | Killed Purgy
  1776 | Sewer    | Reached skill level 5 in Maces & Flails
  1776 | Sewer    | Reached XP level 5. HP: 25/32 MP: 5/5
  2334 | D:3      | Reached XP level 6. HP: 37/37 MP: 6/6
  2909 | D:5      | Entered Level 5 of the Dungeon
  2919 | D:5      | Reached XP level 7. HP: 41/41 MP: 7/7
  3030 | D:5      | Found a blossoming altar of Fedhas.
  3120 | D:5      | Noticed Menkaure
  3127 | D:5      | Killed Menkaure
  3255 | D:5      | Found a white marble altar of Elyvilon.
  3260 | D:5      | Found an opulent altar of Gozag.
  3317 | D:5      | Reached skill level 1 in Dodging
  3317 | D:5      | Reached XP level 8. HP: 42/47 MP: 8/8
  3349 | D:5      | Found a staircase to the Ecumenical Temple.
  3369 | Temple   | Entered the Ecumenical Temple
  3379 | Temple   | Became a worshipper of Warmaster Okawaru
  3727 | D:5      | Reached skill level 4 in Fighting
  3809 | D:5      | Found a bloodstained altar of Trog.
  3810 | D:5      | Found a glowing golden altar of the Shining One.
  3810 | D:5      | Found a burning altar of Makhleb.
  3810 | D:5      | Found a deep blue altar of Sif Muna.
  3812 | D:5      | Found a snail-covered altar of Cheibriados.
  4225 | D:6      | Found a sparkling altar of Nemelex Xobeh.
  4266 | D:6      | Reached * piety under Okawaru
  4409 | D:6      | Reached skill level 1 in Invocations
  4496 | D:6      | Got an ichor-stained chain mail
  4507 | D:6      | Identified the +6 chain mail of Fatil {Dex+4} (You found it on level 6 of the Dungeon)
  5032 | D:7      | Reached XP level 9. HP: 52/52 MP: 10/10
  5625 | D:8      | Reached skill level 5 in Armour
  5693 | D:8      | Reached ** piety under Okawaru
  5693 | D:8      | Reached skill level 5 in Fighting
  5781 | D:8      | Reached skill level 5 in Shields
  5812 | D:8      | Reached skill level 10 in Maces & Flails
  6079 | D:8      | Found a stormy altar of Qazlal.
  6618 | D:9      | Noticed a two-headed ogre
  6633 | D:9      | Killed a two-headed ogre
  6633 | D:9      | Reached skill level 6 in Fighting
  6633 | D:9      | Reached XP level 10. HP: 60/60 MP: 10/12
  7090 | D:10     | Entered Level 10 of the Dungeon
  7126 | D:10     | Reached *** piety under Okawaru
  7183 | D:10     | Noticed a wizard
  7190 | D:10     | Killed a wizard
  7229 | D:10     | Noticed a gargoyle
  7242 | D:10     | Killed a gargoyle
  7597 | D:11     | Reached **** piety under Okawaru
  7597 | D:11     | Reached skill level 5 in Invocations
  7773 | D:11     | Reached XP level 11. HP: 66/66 MP: 14/14
  7775 | D:11     | Noticed a sphinx
  7775 | D:11     | Noticed a salamander
  7787 | D:11     | Killed a sphinx
  7787 | D:11     | Reached ***** piety under Okawaru
  7787 | D:11     | Reached skill level 7 in Fighting
  7812 | D:11     | Noticed a manticore
  7832 | D:11     | Killed a manticore
  7846 | D:11     | Killed a salamander
  7846 | D:11     | Received a gift from Okawaru
  7846 | D:11     | Reached skill level 5 in Dodging
  8062 | D:11     | Noticed a cyan ugly thing
  8077 | D:11     | Killed a cyan ugly thing
  8129 | D:11     | Paralysed by a big kobold for 6 turns
  8164 | D:11     | Noticed a cyclops
  8167 | D:11     | Noticed a deep elf mage
  8174 | D:11     | Killed a cyclops
  8181 | D:11     | Killed a deep elf mage
  8254 | D:11     | Noticed a centaur warrior
  8255 | D:11     | Found a staircase to the Lair.
  8277 | D:11     | Killed a centaur warrior
  8277 | D:11     | Reached skill level 8 in Fighting
  8290 | D:11     | Learned a level 2 spell: Passwall
  8303 | D:11     | Reached XP level 12. HP: 51/73 MP: 16/16
  8370 | D:11     | Received a gift from Okawaru
  8606 | Lair:1   | Entered Level 1 of the Lair of Beasts
  8861 | Lair:1   | Noticed a four-headed hydra
  8872 | Lair:1   | Killed a four-headed hydra
  8872 | Lair:1   | Received a gift from Okawaru
  8887 | Lair:1   | Identified a +0 pair of boots of running (Okawaru gifted it to you on level 1 of the Lair of Beasts)
  9720 | Lair:2   | Noticed Gastronok
  9749 | Lair:2   | Killed Gastronok
  9912 | Lair:2   | Found a staircase to the Shoals.
 10250 | Lair:2   | Noticed Harold
 10252 | Lair:2   | Noticed Fannar
 10310 | Lair:2   | Killed Fannar
 10315 | Lair:2   | Killed Harold
 10315 | Lair:2   | Reached skill level 9 in Fighting
 10315 | Lair:2   | Reached XP level 13. HP: 72/80 MP: 14/18
 10788 | Lair:3   | Found a staircase to the Snake Pit.
 10857 | Lair:3   | Received a gift from Okawaru
 11558 | Lair:4   | Noticed Kirke
 11642 | Lair:4   | Noticed a sphinx
 11754 | Lair:3   | Noticed a sphinx
 11919 | Lair:3   | Killed Kirke
 12849 | Lair:4   | Reached ****** piety under Okawaru
 12859 | Lair:4   | Received a gift from Okawaru
 13094 | Lair:5   | Reached skill level 10 in Armour
 13313 | Lair:5   | Reached skill level 10 in Fighting
 13562 | Lair:6   | Entered Level 6 of the Lair of Beasts
 13599 | Lair:5   | Reached skill level 10 in Shields
 13624 | Lair:6   | Gained mutation: Your large and strong wings let you fly indefinitely. [Gargoyle growth]
 13624 | Lair:6   | Reached XP level 14. HP: 74/88 MP: 18/20
 13856 | Lair:6   | Received a gift from Okawaru
 13863 | Lair:6   | Found a staircase to the Slime Pits.
 13916 | Lair:6   | Got a bloodstained morningstar {god gift}
 13917 | Lair:6   | Identified the +3 morningstar "Beetleslayer" {venom, +Blink Dex+4} (Okawaru gifted it to you on level 6 of the Lair of Beasts)
 13920 | Lair:6   | Found a viscous altar of Jiyva.
 14251 | Lair:6   | Received a gift from Okawaru
 14309 | Lair:6   | Reached skill level 11 in Fighting
 14848 | D:12     | Found Xevea's Distillery.
 14879 | D:12     | Found Vory's Antique Weapon Shop.
 15041 | D:12     | Received a gift from Okawaru
 15070 | D:12     | Reached skill level 12 in Fighting
 15519 | D:12     | Found a staircase to the Orcish Mines.
 15533 | Orc:1    | Entered Level 1 of the Orcish Mines
 15666 | Orc:2    | Entered Level 2 of the Orcish Mines
 16031 | Orc:1    | Found Nyoroarch's Gadget Shoppe.
 16197 | Orc:2    | Found Piffel's General Store.
 16217 | Orc:2    | Found a staircase to the Elven Halls.
 16241 | Orc:2    | Received a gift from Okawaru
 16257 | Orc:2    | Reached skill level 13 in Fighting
 16257 | Orc:2    | Reached XP level 15. HP: 88/98 MP: 21/21
 16337 | Orc:2    | Noticed Sonja
 16364 | Orc:2    | Killed Sonja
 16378 | Orc:2    | Reached skill level 14 in Fighting
 16408 | Orc:2    | Found Zaewa's Assorted Antiques.
 16408 | Orc:2    | Found Qyekk's Antique Armour Shoppe.
 16415 | Orc:2    | Found Geniol's Antique Weapon Shoppe.
 16415 | Orc:2    | Found Ithawn's Book Boutique.
 16535 | Orc:2    | Bought a scroll labeled PISUGU CIGUCVE for 24 gold pieces
 16541 | Orc:2    | Bought a warped chain mail for 266 gold pieces
 16551 | Orc:2    | Identified the +3 chain mail of Siblono {Dex+7 Stlth+} (You bought it in a shop on level 2 of the Orcish Mines)
 17133 | D:13     | Noticed Erolcha
 17153 | D:13     | Killed Erolcha
 17290 | D:13     | Noticed Rupert
 17300 | D:13     | Killed Rupert
 17300 | D:13     | Reached skill level 15 in Fighting
 17542 | D:13     | Got a translucent ring mail
 17553 | D:13     | Identified the cursed +0 ring mail of the City {MR+ rCorr Str+4} (You found it on level 13 of the Dungeon)
 17702 | D:13     | Found a transporter.
 17703 | D:13     | Found a corrupted altar of Lugonu.
 17799 | D:13     | Received a gift from Okawaru
 18103 | D:13     | Found a transporter.
 18189 | D:14     | Found Xerchequle's Jewellery Emporium.
 18288 | D:14     | Reached skill level 16 in Fighting
 18405 | D:14     | Found a gate to the Vaults.
 18670 | D:14     | Reached XP level 16. HP: 101/110 MP: 22/22
 18996 | D:15     | Entered Level 15 of the Dungeon
 19218 | D:15     | Found a staircase to the Depths.
 19399 | D:15     | Reached skill level 17 in Fighting
 19757 | D:15     | Reached skill level 10 in Dodging
 19958 | D:15     | Received a gift from Okawaru
 20125 | Snake:1  | Entered Level 1 of the Snake Pit
 20210 | Snake:1  | Got a heavily runed amber ring
 20212 | Snake:1  | Identified the ring "Bomer" {rN+++ Str+5 Dex-5 Stlth-} (You found it on level 1 of the Snake Pit)
 21476 | Snake:2  | Noticed a nagaraja
 21491 | Snake:2  | Reached skill level 18 in Fighting
 21525 | Snake:2  | Killed a nagaraja
 21642 | Snake:2  | Found Saim's Jewellery Shoppe.
 21643 | Snake:2  | Found Rerphizosh's Gadget Boutique.
 21643 | Snake:2  | Found Kiuheag's Gadget Boutique.
 22212 | Snake:2  | Reached XP level 17. HP: 101/120 MP: 23/23
 22222 | Snake:2  | Received a gift from Okawaru
 22425 | Snake:3  | Found Qeros's Armour Shoppe.
 22427 | Snake:3  | Found Ocell's Distillery.
 22427 | Snake:3  | Found Halepeef's Armour Emporium.
 22442 | Snake:3  | Found Qacvul's Book Emporium.
 22554 | Snake:3  | Identified a scroll of acquirement
 23006 | Snake:3  | Learned a level 2 spell: Swiftness
 23013 | Snake:3  | Learned a level 6 spell: Deflect Missiles
 23024 | Snake:3  | Learned a level 5 spell: Silence
 23041 | Snake:3  | Noticed Donald
 23059 | Snake:3  | Killed Donald
 23308 | Snake:3  | Received a gift from Okawaru
 23443 | Snake:4  | Entered Level 4 of the Snake Pit
 23466 | Snake:4  | Noticed Nikola
 23490 | Snake:4  | Killed Nikola
 23786 | Snake:4  | Reached XP level 18. HP: 88/127 MP: 24/24
 23806 | Snake:4  | Reached skill level 19 in Fighting
 23926 | Snake:4  | Got a serpentine rune of Zot
 24121 | Snake:4  | Received a gift from Okawaru
 24466 | Shoals:1 | Entered Level 1 of the Shoals
 24497 | Shoals:1 | Found Puf Pax's Magic Scroll Shoppe.
 24505 | Shoals:1 | Bought a scroll of enchant armour for 127 gold pieces
 24505 | Shoals:1 | Bought a scroll of teleportation for 51 gold pieces
 24576 | Shoals:1 | Reached skill level 15 in Maces & Flails
 25231 | Shoals:2 | Found Nuopne Joeda's Jewellery Shoppe.
 25339 | Shoals:2 | Found Kodojuu's Weapon Emporium.
 25500 | Shoals:2 | Found Dekkakk's Magic Scroll Emporium.
 25509 | Shoals:2 | Bought a scroll of teleportation for 33 gold pieces
 25509 | Shoals:2 | Bought a scroll of fear for 38 gold pieces
 26095 | Shoals:3 | Reached skill level 15 in Armour
 26142 | Shoals:3 | Reached skill level 15 in Shields
 26340 | Shoals:3 | Found a shattered altar of Ashenzari.
 26391 | Shoals:3 | Noticed Aizul
 26413 | Shoals:3 | Killed Aizul
 26558 | Shoals:3 | Received a gift from Okawaru
 26563 | Shoals:3 | Noticed Louise
 26596 | Shoals:3 | Killed Louise
 26608 | Shoals:3 | Got a heavily runed plate armour {god gift}
 26619 | Shoals:3 | Identified the +1 plate armour of Xirei {Regen+ SInv} (Okawaru gifted it to you on level 3 of the Shoals)
 26677 | Shoals:3 | Found a radiant altar of Vehumet.
 26831 | Shoals:3 | Found Ohikufyfao's Assorted Antiques.
 26834 | Shoals:3 | Bought a sedimented white potion for 19 gold pieces
 27112 | Shoals:4 | Entered Level 4 of the Shoals
 27126 | Shoals:4 | Noticed Ilsuiw
 27254 | Shoals:3 | Killed Ilsuiw
 27383 | Shoals:4 | Reached XP level 19. HP: 111/133 MP: 25/25
 27517 | Shoals:4 | Got a fine ring mail
 27528 | Shoals:4 | Identified the +5 ring mail of an ossuary {rC+ Int+3} (You found it on level 4 of the Shoals)
 27887 | Shoals:4 | Noticed Polyphemus
 27901 | Shoals:4 | Received a gift from Okawaru
 27924 | Shoals:4 | Killed Polyphemus
 28185 | Shoals:4 | Got a barnacled rune of Zot
 28341 | Shoals:4 | Received a gift from Okawaru
 28635 | Vaults:1 | Entered Level 1 of the Vaults
 29134 | Vaults:1 | Received a gift from Okawaru
 29156 | Vaults:1 | Got a pair of shimmering gloves {god gift}
 29167 | Vaults:1 | Identified the +2 pair of gloves of Mirth {+Blink Str-5 Dex+7} (Okawaru gifted it to you on level 1 of the Vaults)
 29553 | Vaults:1 | Reached skill level 20 in Fighting
 29581 | Vaults:1 | Reached XP level 20. HP: 140/140 MP: 27/27
 29808 | Vaults:1 | Found an opulent altar of Gozag.
 30164 | Vaults:2 | Reached skill level 10 in Invocations
 30279 | Vaults:2 | Got an ancient golden ring
 30534 | Vaults:2 | Found a ruined gateway.
 30599 | Vaults:2 | Identified the ring of the Six Souls {rPois MR+ Dex+3} (You found it on level 2 of the Vaults)
 30608 | Desolati | Entered the Desolation of Salt
 30738 | Desolati | Identified Yjalen Kecla's Guide on the Congealing Rocks
 30836 | Desolati | Received a gift from Okawaru
 30887 | Desolati | Identified Sif Muna's Guide on Calling
 30892 | Desolati | Identified the Almanac of Envenoming and Stones
 30896 | Desolati | Got a vibrating diamond amulet
 30897 | Desolati | Identified the amulet of Hedonism {Spirit Str+5} (You found it in the Desolation of Salt)
 30901 | Desolati | Got a shimmering glass ring
 30903 | Desolati | Got a ring of the Octopus King
 30904 | Desolati | Identified the ring of Cileick {Wiz Dex+4} (You found it in the Desolation of Salt)
 30905 | Desolati | Identified a ring of the Octopus King {rN+ AC+1 EV+1 Str+1 Int+1 Dex+1} (You found it in the Desolation of Salt)
 31473 | Desolati | Got a polished scale mail
 31493 | Desolati | Identified the cursed +0 scale mail "Wuwy" {MR+ Int+3} (You found it in the Desolation of Salt)
 31592 | Desolati | Got a heavily runed garnet amulet
 31593 | Desolati | Identified the amulet "Posing" {Harm *Drain rF+ Int+2} (You found it in the Desolation of Salt)
 31915 | Vaults:2 | Found Nilliret's Armour Shoppe.
 32398 | Vaults:2 | Received a gift from Okawaru
 32469 | Vaults:2 | Reached XP level 21. HP: 147/147 MP: 28/28
 33692 | Vaults:3 | Received a gift from Okawaru
 34005 | Vaults:3 | Found Zuduujif's Jewellery Shop.
 34010 | Vaults:3 | Bought the ring of Grace {rCorr rF+ Slay+3} for 559 gold pieces
 34276 | Vaults:3 | Found a glowing golden altar of the Shining One.
 34481 | Vaults:3 | Found a staircase to the Crypt.
 34481 | Vaults:3 | Found a basalt altar of Yredelemnul.
 34482 | Vaults:3 | Found an ancient bone altar of Kikubaaqudgha.
 34602 | Vaults:4 | Noticed Saint Roka
 34625 | Vaults:4 | Killed Saint Roka
 34626 | Vaults:4 | Noticed Mara
 34656 | Vaults:4 | Noticed Monsterracer's illusion
 34777 | Vaults:4 | Killed Mara
 34921 | Vaults:4 | Reached skill level 21 in Fighting
 34941 | Vaults:4 | Received a gift from Okawaru
 34953 | Vaults:4 | Got a pair of polished boots {god gift}
 34964 | Vaults:4 | Identified the +4 pair of boots "Xauguk" {rElec Int+2 Dex-3 SInv} (Okawaru gifted it to you on level 4 of the Vaults)
 35014 | Vaults:4 | Reached XP level 22. HP: 155/155 MP: 29/29
 36358 | Vaults:5 | Entered Level 5 of the Vaults
 36372 | Vaults:5 | Noticed an ancient lich
 36403 | Vaults:5 | Killed an ancient lich
 36662 | Vaults:5 | Got a silver rune of Zot
 36706 | Vaults:5 | Got a transparent plate armour
 36739 | Vaults:5 | Identified the +2 plate armour "Vagul" {rF+ rC+ Dex-5 SInv} (You found it on level 5 of the Vaults)
 36775 | Vaults:5 | Learned a level 1 spell: Apportation
 36785 | Vaults:5 | Received a gift from Okawaru
 37161 | Vaults:5 | Noticed a golden dragon
 37202 | Vaults:5 | Killed a golden dragon
 37322 | Vaults:5 | Reached XP level 23. HP: 133/160 MP: 30/30
 37330 | Vaults:5 | Received a gift from Okawaru
 37553 | Vaults:5 | Learned a level 6 spell: Invisibility
 38358 | Vaults:5 | Received a gift from Okawaru
 38804 | Vaults:5 | Got a warped steel ring
 39246 | Depths:1 | Entered Level 1 of the Depths
 39262 | Depths:1 | Reached skill level 22 in Fighting
 39282 | Depths:1 | Identified the ring "Gyalis" {Ice Int+6 SInv} (You took it off a vault guard on level 5 of the Vaults)
 39475 | Depths:1 | Found a portal to a secret trove of treasure.
 39526 | Depths:1 | Noticed Asterion
 39527 | Depths:1 | Found Voreupha's Gadget Shop.
 39560 | Depths:1 | Killed Asterion
 39665 | Depths:1 | HP: 1/162 [deep troll earth mage/Lee's Rapid Deconstruction (18)]
 39771 | Depths:1 | Received a gift from Okawaru
 39793 | Depths:1 | Reached skill level 15 in Dodging
 40029 | Depths:1 | Found a gateway to Hell.
 40161 | Depths:1 | Reached XP level 24. HP: 168/168 MP: 30/30
 40223 | Depths:1 | Found a runed door.
 40531 | Depths:1 | Got a twitching bone ring
 40532 | Depths:1 | Identified the ring of Sif Muna's Pride {rPois rC+ Dex+4 Stlth-} (You found it on level 1 of the Depths)
 40811 | Depths:2 | Found Keutys's General Store.
 40847 | Depths:2 | Bought a scroll of teleportation for 36 gold pieces
 40873 | Depths:2 | Received a gift from Okawaru
 40906 | Depths:2 | Paralysed by a floating eye for 4 turns
 41119 | Depths:2 | Noticed a juggernaut
 41147 | Depths:2 | Killed a juggernaut
 41586 | Depths:2 | Received a gift from Okawaru
 41853 | Depths:2 | Got a faintly glowing lead ring
 41854 | Depths:2 | Identified the ring "Vahuriqenuo" {rF+ Str+3 Dex+3} (You found it on level 2 of the Depths)
 42313 | Depths:3 | Found a one-way gate leading to the halls of Pandemonium.
 42694 | Depths:3 | Paralysed by a vampire knight for 3 turns
 43033 | Depths:3 | Reached XP level 25. HP: 175/175 MP: 30/30
 43444 | Depths:4 | Paralysed by a great orb of eyes for 7 turns
 43528 | Depths:4 | Received a gift from Okawaru
 43622 | Depths:4 | Found a one-way gate to the infinite horrors of the Abyss.
 43708 | Depths:4 | Found a gateway to a ziggurat.
 43845 | Depths:4 | Reached skill level 23 in Fighting
 43989 | Depths:4 | Received a gift from Okawaru
 44228 | Depths:4 | Noticed a juggernaut
 44269 | Depths:4 | Killed a juggernaut
 44389 | Depths:4 | Identified Polil's Disquisition on Floating Unholy Arts
 44539 | Depths:4 | Received a gift from Okawaru
 44564 | Depths:4 | Paralysed by a great orb of eyes for 2 turns
 44929 | Depths:5 | Entered Level 5 of the Depths
 44984 | Depths:4 | Reached XP level 26. HP: 172/183 MP: 30/30
 45327 | Depths:5 | Got a scorched silver amulet
 45335 | Depths:5 | Identified the amulet of Sopriosi {rC+ rN+ Regen+ Int-3} (You took it off a yellow draconian on level 5 of the Depths)
 45534 | Depths:5 | Noticed Boris
 45596 | Depths:5 | Killed Boris
 45596 | Depths:5 | Received a gift from Okawaru
 45960 | Depths:5 | Found a gate to the Realm of Zot.
 46047 | Zot:1    | Entered Level 1 of the Realm of Zot
 46740 | Zot:1    | Received a gift from Okawaru
 48051 | Zot:3    | Received a gift from Okawaru
 48335 | Zot:3    | Reached XP level 27. HP: 185/189 MP: 30/30
 48602 | Zot:3    | Reached skill level 24 in Fighting
 49802 | Slime:1  | Entered Level 1 of the Pits of Slime
 49808 | Slime:1  | Gained mutation: You do not regenerate when monsters are visible. [a shining eye]
 49848 | Slime:1  | Lost mutation: Your muscles are strong. (Str +2) [potion of mutation]
 49848 | Slime:1  | Lost mutation: You do not regenerate when monsters are visible. [potion of mutation]
 49848 | Slime:1  | Gained mutation: You are dopey. (Int -2) [potion of mutation]
 49848 | Slime:1  | Gained mutation: You tend to lose your temper in combat. [potion of mutation]
 49848 | Slime:1  | Gained mutation: You often lose your temper in combat. [potion of mutation]
 49848 | Slime:1  | Gained mutation: You are somewhat resistant to further mutation. [potion of mutation]
 49952 | Slime:1  | Lost mutation: You are dopey. (Int -2) [potion of mutation]
 49952 | Slime:1  | Lost mutation: You often lose your temper in combat. [potion of mutation]
 49952 | Slime:1  | Lost mutation: You tend to lose your temper in combat. [potion of mutation]
 49952 | Slime:1  | Lost mutation: You are somewhat resistant to further mutation. [potion of mutation]
 49952 | Slime:1  | Gained mutation: You have large cloven feet. [potion of mutation]
 49952 | Slime:1  | Gained mutation: You occasionally shout uncontrollably at your foes. [potion of mutation]
 49952 | Slime:1  | Gained mutation: You are partially covered in molten scales. (AC +2) [potion of mutation]
 50303 | Slime:2  | Received a gift from Okawaru
 51093 | Slime:5  | Entered Level 5 of the Pits of Slime
 51290 | Slime:4  | Gained mutation: Your magical capacity is low. (-10% MP) [a shining eye]
 51293 | Slime:4  | Noticed nikopol's ghost (legendary GrBe)
 51408 | Slime:4  | Killed nikopol's ghost
 52070 | Slime:5  | Found a viscous altar of Jiyva.
 52099 | Slime:5  | Gained mutation: You are occasionally teleported next to monsters. [a shining eye]
 52129 | Slime:5  | Learned a level 1 spell: Summon Butterflies
 52168 | Slime:5  | Noticed the Royal Jelly
 52185 | Slime:5  | Killed the Royal Jelly
 52567 | Slime:5  | Got a slimy rune of Zot
 52573 | Slime:5  | Learned a level 2 spell: Blink
 52631 | Slime:5  | Identified the Reference Book on Evil Translocation
 52722 | Slime:5  | Got a wavering lapis lazuli ring
 52723 | Slime:5  | Identified the ring "Gaevumac" {Wiz Dex+4} (You found it on level 5 of the Pits of Slime)
 52774 | Slime:5  | Lost mutation: Your magical capacity is low. (-10% MP) [potion of mutation]
 52774 | Slime:5  | Lost mutation: You have large cloven feet. [potion of mutation]
 52774 | Slime:5  | Lost mutation: You are partially covered in molten scales. (AC +2) [potion of mutation]
 52774 | Slime:5  | Lost mutation: You occasionally shout uncontrollably at your foes. [potion of mutation]
 52774 | Slime:5  | Gained mutation: Armour fits poorly on your strangely shaped body. [potion of mutation]
 52774 | Slime:5  | Gained mutation: Your spells are a little harder to cast, but a little more powerful. [potion of mutation]
 52774 | Slime:5  | Gained mutation: Your spells are harder to cast, but more powerful. [potion of mutation]
 52775 | Slime:5  | Lost mutation: Your spells are harder to cast, but more powerful. [potion of mutation]
 52775 | Slime:5  | Lost mutation: Armour fits poorly on your strangely shaped body. [potion of mutation]
 52775 | Slime:5  | Lost mutation: Your spells are a little harder to cast, but a little more powerful. [potion of mutation]
 52775 | Slime:5  | Lost mutation: You are occasionally teleported next to monsters. [potion of mutation]
 52775 | Slime:5  | Gained mutation: You are partially covered in large bone plates. (SH +4) [potion of mutation]
 52775 | Slime:5  | Gained mutation: You have a pair of small horns on your head. [potion of mutation]
 52776 | Slime:5  | Lost mutation: You have a pair of small horns on your head. [potion of mutation]
 52776 | Slime:5  | Lost mutation: You are partially covered in large bone plates. (SH +4) [potion of mutation]
 52776 | Slime:5  | Gained mutation: Armour fits poorly on your strangely shaped body. [potion of mutation]
 52776 | Slime:5  | Gained mutation: You are weak. (Str -2) [potion of mutation]
 52776 | Slime:5  | Gained mutation: You are partially covered in molten scales. (AC +2) [potion of mutation]
 52777 | Slime:5  | Lost mutation: Armour fits poorly on your strangely shaped body. [potion of mutation]
 52777 | Slime:5  | Lost mutation: You are weak. (Str -2) [potion of mutation]
 52777 | Slime:5  | Gained mutation: You are partially covered in rugged brown scales. (AC +1, +3% HP) [potion of mutation]
 52777 | Slime:5  | Gained mutation: You have large cloven feet. [potion of mutation]
 53162 | D:5      | Fell from the grace of Okawaru
 53162 | D:5      | Became a worshipper of the Shining One
 53481 | Crypt:1  | Entered Level 1 of the Crypt
 53585 | Crypt:1  | Reached * piety under the Shining One
 53686 | Crypt:1  | Reached ** piety under the Shining One
 53902 | Crypt:1  | Reached *** piety under the Shining One
 54530 | Crypt:2  | Reached **** piety under the Shining One
 55001 | Crypt:2  | Reached ***** piety under the Shining One
 55530 | Crypt:3  | Entered Level 3 of the Crypt
 55622 | Crypt:3  | Reached ****** piety under the Shining One
 55642 | Crypt:3  | Identified a +9 sacred scourge of holy wrath (a +9 demon whip of freezing blessed by the Shining One)
 55642 | Crypt:3  | Received a gift from the Shining One
 55789 | Crypt:3  | Found a basalt altar of Yredelemnul.
 55995 | Crypt:3  | Noticed Khufu
 55996 | Crypt:3  | Found a staircase to the Tomb.
 56009 | Crypt:3  | Killed Khufu
 56070 | Crypt:3  | Identified Cigotuvi's Disquisition on Black Magic
 56082 | Crypt:3  | Got a twitching golden amulet
 56083 | Crypt:3  | Identified the amulet "Danniq" {RegenMP rPois rN+ Str+2} (You found it on level 3 of the Crypt)
 56798 | Vaults:5 | Reached skill level 25 in Fighting
 57174 | Pan      | Entered Pandemonium
 57454 | Pan      | Noticed Heuh the pandemonium lord
 57468 | Pan      | Killed Heuh the pandemonium lord
 57509 | Pan      | Found an exit through the horrors of the Abyss.
 57532 | Pan      | Noticed Wudgh the pandemonium lord
 57788 | Pan      | Gained mutation: Your magical capacity is low. (-10% MP) [a neqoxec]
 57837 | Pan      | Found an exit through the horrors of the Abyss.
 57946 | Pan      | Noticed Nyuptug the pandemonium lord
 57969 | Pan      | Killed Nyuptug the pandemonium lord
 58160 | Pan      | Killed from afar by a hellion

Skill      XL: |  1  2  3  4  5  6  7  8  9 10 11 12 13 14 15 16 17 18 19 20 21 22 23 24 25 26 27 |
---------------+----------------------------------------------------------------------------------+-----
Maces & Flails | 3 4 5 6 7 8 9 10 11 12 13 14 15 16 17 18 19 20 22 | 22.0
Dodging        | 1 2 3 4 5 6 7 8 9 10 11 12 13 14 15 16 18 | 18.1
Fighting       | 4 6 8 9 10 13 16 18 19 20 21 22 23 25 | 25.1
Armour         | 4 5 6 8 9 10 11 12 13 14 15 16 17 18 19 20 21 22 | 22.5
Shields        | 4 5 6 7 8 10 11 12 13 14 15 16 17 18 19 20 21 22 | 22.8
Invocations    | 1 3 5 6 7 8 9 10 12 | 12.7

Action                   |  1- 3 |  4- 6 |  7- 9 | 10-12 | 13-15 | 16-18 | 19-21 | 22-24 | 25-27 || total
-------------------------+-------+-------+-------+-------+-------+-------+-------+-------+-------++-------
Melee: Flail             |   137 |   126 |   374 |   712 |   122 |       |       |       |       ||  1471
       Demon whip        |       |       |       |       |  1250 |  1479 |  2033 |  2244 |  2382 ||  9388
       Unarmed           |       |       |       |       |    52 |       |       |       |       ||    52
       Sacred scourge    |       |       |       |       |       |       |       |       |   756 ||   756
       Morningstar       |       |       |       |       |       |       |       |       |   581 ||   581
Invok: Heroism           |       |       |     1 |    10 |     5 |     3 |     2 |    10 |     7 ||    38
       Finesse           |       |       |       |     4 |     1 |     2 |     1 |     6 |     5 ||    19
       Cleansing Flame   |       |       |       |       |       |       |       |       |     3 ||     3
       Summon Divine War |       |       |       |       |       |       |       |       |     2 ||     2
       Brand Weapon With |       |       |       |       |       |       |       |       |     1 ||     1
 Abil: Fly               |       |       |       |       |     1 |       |       |       |       ||     1
Evoke: Wand              |       |       |       |       |       |     1 |       |       |       ||     1
  Use: Potion            |     6 |     2 |     2 |     1 |     5 |     3 |       |     3 |     8 ||    30
       Scroll            |     2 |     5 |    12 |     2 |     6 |    10 |     5 |     9 |    14 ||    65
 Stab: Petrified         |       |       |       |       |     6 |     4 |    10 |       |       ||    20
       Confused          |       |       |       |       |       |     3 |       |       |       ||     3
       Distracted        |       |       |       |       |       |       |       |     1 |       ||     1
  Eat: Chunk             |     2 |     5 |    10 |    14 |    27 |    23 |    25 |    26 |    30 ||   162
       Royal jelly       |       |       |     2 |     1 |       |       |       |       |     3 ||     6
       Fruit             |       |       |       |       |       |     5 |       |       |    16 ||    21
Armor: Scale mail        |    77 |    34 |       |       |       |       |     6 |       |       ||   117
       Fire dragon scale |       |    14 |    61 |       |       |       |       |       |       ||    75
       Chain mail        |       |       |   164 |   354 |   417 |   284 |       |       |       ||  1219
       Ring mail         |       |       |       |       |    31 |   202 |   103 |       |       ||   336
       Plate armour      |       |       |       |       |       |       |   177 |   431 |       ||   608
       Crystal plate arm |       |       |       |       |       |       |   326 |   339 |  1491 ||  2156
Dodge: Dodged            |    45 |    34 |    91 |   211 |   444 |   591 |   547 |   602 |  1052 ||  3617
Block: Shield            |    78 |    55 |   176 |   350 |   675 |   907 |   320 |       |       ||  2561
       Reflection        |       |       |       |       |       |    97 |    16 |       |       ||   113
       Large shield      |       |       |       |       |       |       |  1145 |  1921 |  3168 ||  6234
